 Dungeon Crawl Stone Soup version 0.17.1-3-g152610e (webtiles) character file.

3031471 MrTails the Axe Maniac (level 27, 199/199 HPs)
             Began as a Gargoyle Fighter on Feb 18, 2016.
             Was the Champion of Trog.
             Escaped with the Orb
             ... and 5 runes on Feb 19, 2016!
             The game lasted 07:29:45 (81020 turns).

MrTails the Axe Maniac (Gargoyle Fighter)          Turns: 81020, Time: 07:29:45

Health: 199/199    AC: 76    Str: 33    XL:     27
Magic:  23/23      EV: 24    Int:  9    God:    Trog [******]
Gold:   9516       SH: 21    Dex: 16    Spells: 0 memorised, 26 levels left

rFire  + + +     SeeInvis .     g - +9 broad axe (flame)
rCold  + . .     Rnd*Rage +     N - +12 crystal plate armour
rNeg   + + +     SustAt   .     v - +1 shield {rF+}
rPois  ∞         Gourm    .     y - +0 helmet of Demmerus {rElec MR+ Slay+3}
rElec  +         Spirit   .     G - +0 cloak {MR+}
rCorr  .         Warding  .     d - +2 pair of gloves of Ajaynok {rN+ Dex+5}
rMut   +         Stasis   .     D - +2 pair of boots
MR     ++++.                    u - amulet of resist mutation
Stlth  ..........               L - ring "Fikarul" {rC+ rN+ Dex+2}
                                n - +6 ring of evasion

@: incredibly resistant to hostile enchantments, extremely unstealthy
A: big wings, fangs 1, repulsion field 1, berserk 3, blurry vision 1, fire
resistance 2, negative energy resistance 1, electricity resistance, unbreathing,
petrification resistance, rot immunity, subdued magic 1, AC +20
a: Fly, Berserk, Trog's Hand, Brothers in Arms, Burn Spellbooks, Renounce
Religion
0: Orb of Zot
}: 5/15 runes: serpentine, barnacled, silver, abyssal, demonic


You escaped.
You worshipped Trog.
Trog was exalted by your worship.
You were not hungry.

You visited 13 branches of the dungeon, and saw 60 of its levels.
You visited Pandemonium 1 time, and saw 4 of its levels.
You visited the Abyss 2 times.
You visited 1 bazaar.
You also visited: Bailey, Ice Cave and Volcano.

You collected 10717 gold pieces.
You spent 1201 gold pieces at shops.

Inventory:

Hand Weapons
 g - a +9 broad axe of flaming (weapon)
Armour
 d - the +2 pair of gloves of Ajaynok (worn) {rN+ Dex+5}
   (You found it on level 4 of the Vaults)

   It affects your dexterity (+5).
   It protects you from negative energy.
 v - a +1 shield of fire resistance (worn)
 y - the +0 helmet of Demmerus (worn) {rElec MR+ Slay+3}
   (You found it on level 8 of the Lair of Beasts)

   It affects your accuracy and damage with ranged weapons and melee attacks
   (+3).
   It insulates you from electricity.
   It affects your resistance to hostile enchantments.
 B - a +2 cloak
 D - a +2 pair of boots (worn)
 G - a +0 cloak of magic resistance (worn)
 N - a +12 crystal plate armour (worn)
Jewellery
 b - an uncursed ring of positive energy
 l - the ring "Rast" {rC+ Str+3}
   (You found it on level 2 of the Depths)

   [ring of protection from cold]

   It affects your strength (+3).
   It protects you from cold.
 n - a +6 ring of evasion (left hand)
 u - an amulet of resist mutation (around neck)
 L - the ring "Fikarul" (right hand) {rC+ rN+ Dex+2}
   (You bought it in a shop on level 2 of the Depths)

   [ring of protection from cold]

   It affects your dexterity (+2).
   It protects you from cold.
   It protects you from negative energy.
 X - an uncursed amulet of resist corrosion
Wands
 a - a wand of disintegration (12)
 J - a wand of teleportation (1)
 K - a wand of teleportation (1)
 Q - a wand of hasting (3)
Scrolls
 i - 17 scrolls of identify
 j - 6 scrolls of enchant weapon
 k - 6 scrolls of fear
 m - a scroll of summoning
 o - 7 scrolls of teleportation
 s - 24 scrolls of remove curse
 t - 3 scrolls of brand weapon
 w - 2 scrolls of enchant armour
 x - 2 scrolls of fog
 E - a scroll of blinking
 F - a scroll of magic mapping
 Y - a scroll of recharging
Potions
 c - 2 potions of magic
 f - a potion of cure mutation
 h - 4 potions of haste
 p - 32 potions of curing
 r - 17 potions of agility
 z - 14 potions of heal wounds
 H - a potion of cancellation
 I - 3 potions of brilliance
 M - 5 potions of might
 T - 3 potions of resistance
 U - 8 potions of berserk rage
Books
 q - a book of Air

   Spells                             Type                      Level
   a - Shock                          Conjuration/Air              1
   b - Swiftness                      Charms/Air                   2
   c - Repel Missiles                 Charms/Air                   2
   d - Static Discharge               Conjuration/Air              3
   e - Lightning Bolt                 Conjuration/Air              5
   Trog disapproves of the use of such an item.
Comestibles
 e - 8 bread rations


   Skills:
 O Level 27 Fighting
 O Level 27 Axes
 O Level 27 Armour
 + Level 13.5 Dodging
 O Level 27 Shields


You had 26 spell levels left.
You didn't know any spells.

Dungeon Overview and Level Annotations

Branches:
Dungeon (15/15)            Temple (1/1) D:7            Lair (8/8) D:9
 Shoals (4/4) Lair:5        Snake (4/4) Lair:4        Slime (1/6) Lair:8
    Orc (4/4) D:11            Elf (3/3) Orc:4        Vaults (5/5) D:14
  Crypt (3/3) Vaults:2       Tomb (2/3) Crypt:3      Depths (5/5) D:15
    Zot (5/5) Depths:5

Altars:
Ashenzari
Cheibriados
Dithmenos
Elyvilon
Fedhas
Gozag
Kikubaaqudgha
Makhleb
Nemelex Xobeh
Okawaru
Qazlal
Ru
Sif Muna
Trog
Vehumet
Xom
Yredelemnul
Zin
The Shining One
Lugonu

Shops:
D:8 [   D:11 *   Orc:4 *[:(   Elf:2 (   Elf:3 (   Depths:2 =

Portals:
Hell: Depths:1 Depths:2 Depths:3 Depths:4 Depths:5
Abyss: Depths:4
Pandemonium: Depths:3 Depths:4
Ziggurat: Depths:4


Innate Abilities, Weirdness & Mutations

You are resistant to torment.
Your stone body is resilient (AC +20).
You are immune to poison.
Your large and strong wings let you fly indefinitely.
You resist negative energy.
You are resistant to electric shocks.
You can survive without breathing.
You are immune to petrification.
You are immune to rotting.
You have very sharp teeth.
You are surrounded by a mild repulsion field (EV +2).
You have an uncontrollable temper.
Scrolls take you a little longer to read.
Your flesh is very heat resistant.
Your spells are a little easier to cast, but a little less powerful.


Message History

Magic restored.
HP restored.
A Shadow Fiend comes into view.
A toenail golem comes into view.
There is a stone staircase leading up here.
You climb upwards.
There is a stone staircase leading down here.
A hellwing comes into view.
The hellwing gives a chilling moan.
The hellwing blocks your attack.
The hellwing's corpse armour sloughs away.
You bite the hellwing.
The hellwing is lightly wounded.
You block the hellwing's attack. The hellwing barely misses you.
You slice the hellwing!! You burn the hellwing!
You kill the hellwing!
Trog accepts your kill.
No target in view!
There is a staircase leading out of the dungeon here.
You have escaped!

#...#
#†######...#........#####
#...# #......+...'........#
#...# ##.#####...#........#
#...# ##..# ##...#........#
#...# ###...###...###########
#...# #.............# ##
#...###.............##########
#.
#...##...###...###....#......#
#.
######...#......@#....#......#
#.
#...#.......#....#......###.
##.............#............
#......#......###..........
##.............###..........
#...#.......#...#####.......
#...#>......#...# #.......
#...###...###...# #.......
##.............## #.......


There were no monsters in sight!

Vanquished Creatures
  12 orbs of fire
  4 ancient liches (Zot:5)
  A juggernaut (Depths:5)
  2 greater mummies (Tomb:1)
  Sojobo (Depths:1)
  The ghost of emiel the Hoplite, a legendary OpGl of Cheibriados (Pan)
  Margery (Vaults:2)
  Norris (Depths:1)
  Saint Roka (Depths:1)
  3 curse toes
  A Killer Klown (Zot:5)
  4 caustic shrikes
  16 golden dragons
  the Enchantress (Depths:4)
  A profane servitor (Crypt:3)
  The ghost of Draxdyn the Slayer, a veteran GrFi of Okawaru (Vaults:5)
  3 bone dragons
  7 electric golems
  Jorgrun (Shoals:4)
  A Brimstone Fiend (Depths:5)
  6 liches
  6 pandemonium lords
  12 tentacled monstrosities
  7 Ice Fiends (Pan)
  A Hell Sentinel (D:11)
  6 deep elf blademasters
  3 quicksilver dragons
  3 titans
  5 Shadow Fiends (Pan)
  2 deep elf master archers (Elf:3)
  4 tentacled starspawn
  32 Orb Guardians
  An eldritch tentacle (Zot:5)
  5 death cobs
  3 Executioners
  3 octopode crushers
  4 ancient champions
  4 sphinxes
  The ghost of bl4d3 the Bludgeoner, an adept MiBe of Trog (Snake:3)
  10 shadow dragons
  6 greater nagas (Snake:4)
  23 storm dragons
  17 tengu reavers
  13 draconian monks
  2 ghost moths (Zot:5)
  3 revenants
  Ilsuiw (Shoals:4)
  Wiglaf (Elf:3)
  18 vault wardens
  9 fire giants
  A daeva (Depths:4)
  An azure jelly (Slime:1)
  3 iron dragons
  An azure jelly (shapeshifter) (Zot:1)
  8 frost giants
  6 draconian knights
  8 deep elf sorcerers
  2 orc warlords
  Aizul (Snake:1)
  6 balrugs
  Louise (Shoals:4)
  10 draconian scorchers
  3 curse skulls
  6 draconian shifters
  5 draconian zealots
  17 ironheart preservers
  6 cacodemons
  7 ghouls
  5 reapers
  2 warmongers (Pan)
  5 draconian annihilators
  6 spriggan defenders
  6 war gargoyles
  16 very ugly things
  4 draconian callers
  Nessos (Orc:3)
  A salamander firebrand (Depths:3)
  6 lorocyprocas
  19 stone giants
  13 green draconians
  2 chaos champions (Pan)
  9 vampire knights
  12 deep elf annihilators
  Azrael (Snake:2)
  3 salamander stormcallers
  17 purple draconians
  13 white draconians
  9 yellow draconians
  14 black draconians
  10 deep elf demonologists
  13 red draconians
  3 corrupters (Pan)
  A purple draconian (shapeshifter) (Zot:1)
  13 mottled draconians
  A white draconian (shapeshifter) (Zot:1)
  16 deep elf death magi
  An ettin (shapeshifter) (Zot:1)
  An eidolon (Crypt:2)
  35 vault guards
  8 merfolk javelineers
  6 merfolk impalers
  Erolcha (Orc:3)
  6 mummy priests (Tomb:1)
  8 deep elf high priests
  2 green deaths
  12 jiangshi
  23 fire dragons
  14 blizzard demons
  21 yaktaur captains
  7 rakshasas
  13 ettins
  25 ice dragons
  A hell beast (Depths:1)
  7 entropy weavers
  10 great orbs of eyes
  20 naga warriors
  6 spriggan air magi
  3 monstrous demonspawn (Pan)
  4 merfolk avatars
  8 merfolk aquamancers
  A catoblepas (D:15)
  Erica (Lair:1)
  12 ogre magi
  5 anacondas
  7 hydras
  A spectral frost giant (Crypt:3)
  3 alligator snapping turtles
  15 dancing weapons
  2 satyrs (Shoals:3)
  11 centaur warriors
  6 death knights
  11 death yaks
  3 vampire magi
  16 tengu warriors
  2 thrashing horrors (Abyss:2)
  6 naga sharpshooters
  12 deep troll earth magi
  4 deep troll shamans
  2 orc high priests
  A hell hog (Abyss:3)
  17 small abominations
  10 spriggan berserkers
  13 sun demons
  2 titan skeletons
  9 soul eaters
  A fire crab (shapeshifter) (Vaults:1)
  Sonja (D:10)
  23 deep elf knights
  6 shock serpents
  20 ice devils
  5 wretched stars
  17 hell knights
  4 shadow wraiths
  2 fire crabs
  5 salamander mystics
  24 deep trolls
  38 skeletal warriors
  An iron troll (Depths:3)
  2 spatial maelstroms
  A shadow demon (Pan)
  10 sea snakes
  6 deep elf summoners
  A swamp dragon (shapeshifter) (Depths:2)
  5 flayed ghosts
  7 giant orange brains
  2 infernal demonspawn (Pan)
  3 unseen horrors
  11 anubis guards (Tomb:1)
  5 hill giants
  7 phantasmal warriors
  3 wizards
  3 gelid demonspawn (Pan)
  A torturous demonspawn (Pan)
  A death drake (shapeshifter) (Vaults:5)
  3 naga ritualists
  6 putrid demonspawn
  2 lindwurms
  5 mana vipers
  Pikel (D:6)
  A shadow dragon zombie (Crypt:2)
  An anubis guard (shapeshifter) (Depths:3)
  26 deep elf conjurers
  9 harpies
  2 orb spiders (Zot:1)
  22 orc knights
  3 wolf spiders
  A spectral fire dragon (Crypt:3)
  A salamander (shapeshifter) (Elf:2)
  20 ironbrand convokers
  7 cyclopes
  A harpy (shapeshifter) (Depths:4)
  14 fauns
  9 necromancers
  76 ugly things
  9 griffons
  17 large abominations
  3 hornets
  7 orc sorcerers
  A water nymph (shapeshifter) (Vaults:5)
  3 worldbinders (Abyss:3)
  2 oklob plants
  27 moths of wrath
  9 water nymphs
  A stone giant zombie (Vaults:4)
  12 manticores
  23 salamanders
  10 sirens
  12 sixfirhies
  28 vault sentinels
  An eye of devastation (shapeshifter) (Vaults:3)
  9 guardian serpents
  2 centaur zombies (D:14)
  17 elephants
  10 rust devils
  12 smoke demons
  A titan simulacrum (Crypt:3)
  2 apocalypse crabs
  A stone giant skeleton (Vaults:4)
  15 naga magi
  5 ice statues
  A torpor snail (Lair:5)
  19 spiny frogs
  3 efreet
  2 centaur skeletons
  10 komodo dragons
  A hellion (D:13)
  6 demonic crawlers (Pan)
  A gargoyle (D:15)
  9 orange demons
  23 black mambas
  5 fire drakes
  A mottled draconian zombie (Crypt:1)
  A death yak zombie (Crypt:1)
  The ghost of MrTails the Skirmisher, a novice GrFi of Trog (D:4)
  A komodo dragon (shapeshifter) (Vaults:4)
  57 yaktaurs
  A redback zombie (Crypt:1)
  3 ancient zymes
  11 hellwings
  7 guardian mummies (Tomb:1)
  17 deep elf priests
  A golden dragon simulacrum (Depths:3)
  10 red devils
  A tormentor (Pan)
  11 trolls
  12 freezing wraiths
  A harpy zombie (Zot:1)
  3 tengu conjurers
  A jumping spider (Depths:1)
  16 two-headed ogres
  A wind drake (Shoals:1)
  A shadow dragon simulacrum (Vaults:4)
  33 merfolk
  A polar bear (shapeshifter) (Vaults:2)
  A polar bear (Lair:2)
  4 human skeletons
  19 blue devils
  2 tengu simulacra
  5 raiju
  Prince Ribbit (D:9)
  3 boulder beetles
  2 wind drakes (shapeshifter)
  A two-headed ogre (shapeshifter) (Vaults:4)
  32 slime creatures
  9 snapping turtles
  A trapdoor spider zombie (D:9)
  2 bog bodies (Crypt:2)
  7 ushabtiu (Tomb:1)
  A fire giant simulacrum (Depths:3)
  A frost giant simulacrum (Vaults:4)
  An ettin zombie (Vaults:4)
  An alligator zombie (Tomb:1)
  2 hornet zombies
  14 blink frogs
  A fire dragon zombie (Depths:1)
  66 flying skulls
  8 spriggans
  4 trapdoor spiders
  3 vampires
  17 wraiths
  A centaur simulacrum (D:15)
  2 tarantellas
  3 fire elementals (Snake:2)
  An ice dragon skeleton (Crypt:2)
  11 ynoxinuls
  2 spriggan skeletons (Depths:1)
  A satyr skeleton (Crypt:1)
  18 water elementals
  A deep troll skeleton (Depths:1)
  7 fire bats
  24 deep elf magi
  An ettin skeleton (Vaults:4)
  2 golden eyes (shapeshifter) (Vaults:2)
  4 air elementals
  43 deep elf fighters
  14 hippogriffs
  A dire elephant simulacrum (Abyss:3)
  19 redbacks
  6 humans
  6 shadows
  7 chaos spawn
  A yak (shapeshifter) (Zot:1)
  2 golden eyes (Zot:1)
  30 yaks
  6 basilisks
  Grum (Lair:1)
  4 wyverns
  A hog (D:7)
  2 hungry ghosts
  6 vampire mosquitoes
  15 neqoxecs
  9 wargs
  5 steam dragons
  3 spatial vortices (Abyss:3)
  8 wolves
  10 porcupines
  60 nagas
  A soldier ant (D:13)
  A deep troll zombie (Vaults:4)
  28 water moccasins
  14 ice beasts
  An ettin simulacrum (Vaults:3)
  A swamp drake (Lair:8)
  7 hell hounds
  6 mottled dragons
  A spider (shapeshifter) (Depths:5)
  11 wasps
  5 sky beasts
  5 spiders (Lair:8)
  15 necrophages
  56 orc warriors
  An eye of draining (shapeshifter) (Abyss:3)
  A phantom (D:5)
  22 centaurs
  56 ogres
  A boggart (shapeshifter) (Vaults:5)
  7 boggarts
  An anubis guard skeleton (Crypt:1)
  A lindwurm skeleton (Crypt:2)
  22 giant frogs
  4 big kobolds
  20 crocodiles
  A fire crab zombie (Crypt:1)
  A glowing shapeshifter simulacrum (Depths:3)
  4 gnoll sergeants
  2 jellies
  2 cyclops skeletons
  2 scorpions
  17 killer bees
  An elf simulacrum (Vaults:2)
  5 lava snakes
  8 electric eels
  An iron imp (Abyss:2)
  13 wights
  4 giant frog zombies
  A wasp zombie (D:10)
  A wolf skeleton (Crypt:1)
  3 giant frog skeletons
  3 quasits
  6 crimson imps
  23 orc priests
  Ijyb (Lair:4)
  7 hounds
  20 orc wizards
  A basilisk skeleton (Crypt:1)
  10 worker ants
  10 iguanas
  27 sheep
  A killer bee zombie (D:7)
  A big kobold zombie (Crypt:2)
  An ogre zombie (Orc:3)
  4 human simulacra
  A dwarf skeleton (Crypt:2)
  A hound zombie (D:6)
  A hound skeleton (D:4)
  25 mummies (Tomb:1)
  2 worker ant zombies
  107 river rats
  14 gnolls
  A steam dragon zombie (Crypt:1)
  16 adders
  5 shadow imps
  3 white imps
  2 ufetubi (Abyss:2)
  2 oozes
  An adder zombie (D:7)
  2 worms
  An adder skeleton (D:4)
  5 giant geckos
  155 orcs
  10 giant cockroaches
  5 goblins
  8 hobgoblins
  26 jackals
  4 quokkas
  3 ball pythons (D:1)
  A ball python skeleton (Crypt:2)
  3 bats
  9 giant newts
  A jackal skeleton (D:4)
  15 kobolds
  An orc skeleton (Crypt:2)
  7 rats
  A bush (Elf:2)
  13 crawling corpses
  3 fire vortices
  13 fungi
  15 plants
  2 starspawn tentacles (Abyss:1)
  3 toadstools (Lair:5)
3438 creatures vanquished.

Vanquished Creatures (collateral kills)
  A caustic shrike (Depths:3)
  A tentacled monstrosity (Vaults:3)
  3 deep elf demonologists
  3 deep elf annihilators
  A hydra (Lair:4)
  A tengu warrior (Depths:3)
  A dancing weapon (Elf:2)
  An orc knight (Bailey)
  A large abomination (Abyss:3)
13 creatures vanquished.

Vanquished Creatures (others)
  A Killer Klown (Zot:5)
  A sphinx (Tomb:1)
  A draconian scorcher (Zot:5)
  A balrug (Zot:1)
  A draconian shifter (Zot:5)
  A draconian annihilator (Zot:5)
  A salamander stormcaller (D:15)
  A purple draconian (Zot:5)
  An ettin (Vaults:5)
  2 deep elf high priests
  A tengu warrior (Depths:3)
  7 death scarabs (Tomb:2)
  A lindwurm (Lair:5)
  An ugly thing (Zot:1)
  A water nymph (Shoals:4)
  A moth of wrath (Zot:5)
  A rust devil (Depths:1)
  An air elemental (Depths:3)
  A deep elf mage (Elf:2)
  A chaos spawn (Pan)
  2 deep elf fighters
  A water elemental (Shoals:2)
  A black bear (D:12)
  An orc warrior (Vaults:5)
  A boggart (Zot:1)
  2 ogres
  An elf skeleton (Vaults:4)
  A giant frog (D:6)
  An orc wizard (D:11)
  2 mummies (Tomb:2)
  A giant newt (D:6)
  A crawling corpse (Depths:3)
  9 eldritch tentacle segments (Zot:5)
  62 fungi
  7 lost souls
  47 plants
  12 starspawn tentacles
  14 starspawn tentacle segments
  7 toadstools (Lair:5)
200 creatures vanquished.

Grand Total: 3651 creatures vanquished

Notes
Turn   | Place    | Note
--------------------------------------------------------------
     0 | D:1      | MrTails the Gargoyle Fighter began the quest for the Orb.
     0 | D:1      | Reached XP level 1. HP: 14/14 MP: 1/1
   299 | D:1      | Reached XP level 2. HP: 17/19 MP: 2/2
   934 | D:2      | Reached XP level 3. HP: 22/24 MP: 3/3
  1305 | D:3      | Found a shattered altar of Ashenzari.
  1312 | D:3      | Found a white marble altar of Elyvilon.
  1313 | D:3      | Found a glowing silver altar of Zin.
  1445 | D:3      | Reached skill level 4 in Fighting
  1445 | D:3      | Reached XP level 4. HP: 29/29 MP: 4/4
  1958 | D:3      | Reached XP level 5. HP: 33/33 MP: 5/5
  2224 | D:4      | Noticed MrTails's ghost (novice GrFi)
  2876 | D:4      | Reached XP level 6. HP: 30/39 MP: 6/6
  3102 | D:4      | Got a warped hat
  3162 | D:4      | Reached skill level 5 in Fighting
  3228 | D:4      | Identified the +0 hat of Ustel {*Confuse rC+ Dex+4} (You found it on level 4 of the Dungeon)
  3293 | D:4      | Killed MrTails's ghost
  3293 | D:4      | Reached skill level 5 in Armour
  3293 | D:4      | Reached XP level 7. HP: 20/44 MP: 7/7
  3652 | D:5      | Entered Level 5 of the Dungeon
  3862 | D:5      | Reached skill level 5 in Shields
  3884 | D:5      | Reached skill level 5 in Axes
  3884 | D:5      | Reached XP level 8. HP: 47/51 MP: 8/8
  4345 | D:4      | Reached skill level 6 in Fighting
  4897 | D:5      | HP: 2/51 [orc warrior/morningstar (20)]
  5448 | D:6      | Noticed Pikel
  5476 | D:6      | Killed Pikel
  5476 | D:6      | Reached XP level 9. HP: 56/56 MP: 9/9
  5490 | D:6      | Reached skill level 7 in Armour
  6034 | D:7      | Found a burning altar of Makhleb.
  6626 | D:7      | Found a staircase to the Ecumenical Temple.
  6631 | Temple   | Entered the Ecumenical Temple
  6787 | Temple   | Became a worshipper of Trog the Wrathful
  7197 | D:8      | Reached skill level 8 in Axes
  7197 | D:8      | Reached XP level 10. HP: 62/64 MP: 10/10
  7334 | D:8      | Found Nodghimy's Armour Boutique.
  7435 | D:8      | Reached * piety under Trog
  7655 | D:8      | Found a sacrificial altar of Ru.
  7673 | D:8      | Found a basalt altar of Yredelemnul.
  7675 | D:8      | Found a stormy altar of Qazlal.
  7675 | D:8      | Found a blossoming altar of Fedhas.
  7676 | D:8      | Found an iron altar of Okawaru.
  7676 | D:8      | Found an opulent altar of Gozag.
  8278 | D:9      | Reached ** piety under Trog
  8332 | D:8      | Reached skill level 9 in Axes
  8793 | D:8      | Gained mutation: You evolve. [potion of mutation]
  8793 | D:8      | Gained mutation: You can breathe flames. [potion of mutation]
  8793 | D:8      | Gained mutation: You have large cloven feet. [potion of mutation]
  8801 | D:8      | Lost mutation: You can breathe flames. [potion of cure mutation]
  8801 | D:8      | Lost mutation: You evolve. [potion of cure mutation]
  8801 | D:8      | Lost mutation: You have large cloven feet. [potion of cure mutation]
  9053 | D:9      | Reached XP level 11. HP: 61/69 MP: 8/11
  9113 | D:9      | Gained mutation: You are resistant to hostile enchantments. [mutagenic meat]
  9114 | D:9      | Gained mutation: Your flesh is heat resistant. [mutagenic meat]
  9289 | D:9      | Found a staircase to the Lair.
  9650 | D:9      | Found a snail-covered altar of Cheibriados.
  9760 | D:9      | Found a deep blue altar of Sif Muna.
  9803 | Lair:1   | Entered Level 1 of the Lair of Beasts
  9971 | Lair:1   | Noticed Prince Ribbit
  9974 | Lair:1   | Noticed Grum
 10012 | D:9      | Killed Prince Ribbit
 10105 | Lair:1   | Killed Grum
 10126 | Lair:1   | Reached skill level 10 in Axes
 10255 | Lair:1   | Reached *** piety under Trog
 10838 | Lair:1   | Noticed Erica
 10877 | Lair:1   | Killed Erica
 10877 | Lair:1   | Reached **** piety under Trog
 11230 | Lair:2   | Noticed a four-headed hydra
 11242 | Lair:2   | Killed a six-headed hydra
 11871 | Lair:3   | Reached skill level 10 in Armour
 11891 | Lair:3   | Reached XP level 12. HP: 55/77 MP: 10/12
 12013 | Lair:3   | Reached skill level 11 in Axes
 12032 | Lair:3   | Reached skill level 10 in Fighting
 12088 | Lair:3   | Reached skill level 10 in Shields
 12916 | Lair:4   | Noticed a five-headed hydra
 12924 | Lair:4   | Killed a five-headed hydra
 13088 | Lair:4   | Noticed a four-headed hydra
 13108 | Lair:4   | Killed a 17-headed hydra
 13333 | Lair:4   | Reached ***** piety under Trog
 13459 | Lair:4   | Found a staircase to the Snake Pit.
 13711 | Lair:4   | Noticed Ijyb
 13764 | Lair:4   | Killed Ijyb
 14095 | Lair:5   | Found a staircase to the Shoals.
 14277 | Lair:5   | Reached skill level 12 in Axes
 14355 | Lair:5   | Found a dark tunnel.
 14364 | Volcano  | Entered a volcano
 14746 | Volcano  | Found a burning altar of Makhleb.
 14915 | Lair:5   | Noticed a death yak
 14916 | Lair:5   | Noticed a death yak
 14944 | Lair:5   | Reached XP level 13. HP: 73/84 MP: 11/13
 14955 | Lair:5   | Killed a death yak
 14959 | Lair:5   | Received a gift from Trog
 14963 | Lair:5   | Killed a death yak
 16076 | Lair:6   | Reached skill level 13 in Axes
 16956 | Lair:7   | Received a gift from Trog
 17221 | Lair:7   | Found a shattered altar of Ashenzari.
 17288 | Lair:7   | Gained mutation: Your large and strong wings let you fly indefinitely. [Gargoyle growth]
 17288 | Lair:7   | Reached XP level 14. HP: 81/92 MP: 12/14
 17534 | Lair:8   | Entered Level 8 of the Lair of Beasts
 17642 | Lair:8   | Reached ****** piety under Trog
 17697 | Lair:8   | Found a staircase to the Slime Pits.
 18261 | Lair:8   | Received a gift from Trog
 18393 | Lair:8   | Reached skill level 14 in Axes
 19185 | Lair:8   | Got an ancient helmet
 19196 | Lair:8   | Identified the cursed +0 helmet of Demmerus {rElec MR+ Slay+3} (You found it on level 8 of the Lair of Beasts)
 20488 | D:10     | Entered Level 10 of the Dungeon
 20590 | D:10     | Received a gift from Trog
 20627 | D:10     | Noticed Sonja
 20649 | D:10     | Killed Sonja
 20658 | D:10     | Found a basalt altar of Yredelemnul.
 21021 | D:11     | Found Niq Joyrgh's Assorted Antiques.
 21165 | D:11     | Found a staircase to the Orcish Mines.
 21189 | D:11     | Reached XP level 15. HP: 89/97 MP: 13/15
 21361 | D:11     | Received a gift from Trog
 21780 | Orc:1    | Entered Level 1 of the Orcish Mines
 22282 | Orc:3    | Found a flagged portal.
 22293 | Bailey   | Entered a bailey
 22596 | Orc:3    | Received a gift from Trog
 22928 | Orc:3    | Noticed Nessos
 22950 | Orc:3    | Received a gift from Trog
 22967 | Orc:3    | Killed Nessos
 22967 | Orc:3    | Reached skill level 15 in Axes
 23100 | Orc:3    | Noticed Erolcha
 23113 | Orc:3    | Killed Erolcha
 23236 | Orc:4    | Entered Level 4 of the Orcish Mines
 23331 | Orc:4    | Found Rustrosch's Antique Armour Boutique.
 23366 | Orc:4    | Reached XP level 16. HP: 91/105 MP: 16/16
 23392 | Orc:4    | Found Ruicheleva's Antique Weapon Emporium.
 23518 | Orc:4    | Found Cifeul's Book Shop.
 23564 | Orc:4    | Received a gift from Trog
 23952 | Orc:4    | Found a staircase to the Elven Halls.
 24011 | Orc:4    | Found Syquq's General Store.
 24226 | Orc:4    | Bought a scroll of teleportation for 42 gold pieces
 24226 | Orc:4    | Bought a scroll of teleportation for 42 gold pieces
 24226 | Orc:4    | Bought a scroll of identify for 28 gold pieces
 24362 | Elf:1    | Entered Level 1 of the Elven Halls
 24895 | Elf:1    | Received a gift from Trog
 25367 | Elf:1    | Reached skill level 16 in Axes
 25914 | Elf:2    | Found Yqoro's Antique Weapon Boutique.
 25927 | Elf:2    | Reached XP level 17. HP: 102/112 MP: 15/17
 25959 | Elf:2    | Bought an ancient war axe for 263 gold pieces
 25993 | Elf:2    | Identified the +8 war axe "Meri" {freeze, SInv} (You bought it in a shop on level 2 of the Elven Halls)
 26416 | Elf:2    | Noticed a deep elf blademaster
 26426 | Elf:2    | Killed a deep elf blademaster
 26739 | Elf:2    | Received a gift from Trog
 26795 | Elf:2    | Found a huge runed gate.
 26796 | Elf:2    | Found a huge runed gate.
 26797 | Elf:2    | Found a huge runed gate.
 26798 | Elf:2    | Found a huge runed gate.
 26799 | Elf:2    | Found a huge runed gate.
 27309 | Elf:3    | Entered Level 3 of the Elven Halls
 27450 | Elf:3    | Reached skill level 15 in Fighting
 27855 | Elf:3    | Found Ugalat's Antique Weapon Shoppe.
 27949 | Elf:3    | Reached skill level 17 in Axes
 27951 | Elf:3    | Noticed a deep elf blademaster
 27965 | Elf:3    | Noticed Wiglaf
 27966 | Elf:3    | Killed a deep elf blademaster
 27966 | Elf:3    | Received a gift from Trog
 27976 | Elf:3    | Noticed a deep elf blademaster
 28103 | Elf:3    | Killed a deep elf blademaster
 28103 | Elf:3    | Reached skill level 15 in Shields
 28117 | Elf:3    | Noticed a deep elf master archer
 28273 | Elf:3    | Killed Wiglaf
 28277 | Elf:3    | Killed a deep elf master archer
 28277 | Elf:3    | Reached XP level 18. HP: 113/119 MP: 12/18
 28278 | Elf:3    | Reached skill level 15 in Armour
 28323 | Elf:3    | Noticed a deep elf blademaster
 28365 | Elf:3    | Killed a deep elf blademaster
 28649 | Elf:3    | Noticed a deep elf blademaster
 28668 | Elf:3    | Killed a deep elf blademaster
 28684 | Elf:3    | Killed a ghostly deep elf blademaster
 29144 | Elf:3    | Noticed an Ice Fiend
 29891 | Elf:3    | Noticed a Brimstone Fiend
 29978 | Elf:3    | Noticed a deep elf master archer
 29995 | Elf:3    | Killed a deep elf master archer
 30378 | Elf:3    | Received a gift from Trog
 31012 | Snake:1  | Entered Level 1 of the Snake Pit
 31071 | Snake:1  | Found a stormy altar of Qazlal.
 31074 | Snake:1  | Reached skill level 18 in Axes
 31083 | Snake:1  | Noticed Aizul
 31099 | Snake:1  | Killed Aizul
 31437 | Snake:2  | Noticed Azrael
 31447 | Snake:2  | Killed Azrael
 31601 | Snake:2  | Received a gift from Trog
 31613 | Snake:2  | Gained mutation: You are agile. (Dex +2) [mutagenic meat]
 31614 | Snake:2  | Gained mutation: You are very agile. (Dex +4) [mutagenic meat]
 31615 | Snake:2  | Gained mutation: You have very sharp teeth. [mutagenic meat]
 31616 | Snake:2  | Gained mutation: You have a pair of small horns on your head. [mutagenic meat]
 31617 | Snake:2  | Gained mutation: Your flesh is very heat resistant. [mutagenic meat]
 31618 | Snake:2  | Lost mutation: You are very agile. (Dex +4) [mutagenic meat]
 31970 | Snake:3  | Reached XP level 19. HP: 125/125 MP: 19/19
 32244 | Snake:3  | Lost mutation: You have a pair of small horns on your head. [mutagenic meat]
 32263 | Snake:3  | Gained mutation: Armour fits poorly on your strangely shaped body. [mutagenic meat]
 32590 | Snake:3  | Noticed bl4d3's ghost (adept MiBe)
 32615 | Snake:3  | Killed bl4d3's ghost
 32947 | Snake:4  | Entered Level 4 of the Snake Pit
 33636 | Snake:4  | Received a gift from Trog
 34028 | Snake:4  | Reached skill level 19 in Axes
 34061 | Snake:4  | Received a gift from Trog
 34162 | Snake:4  | Got a serpentine rune of Zot
 34482 | Slime:1  | Entered Level 1 of the Pits of Slime
 35534 | Shoals:1 | Entered Level 1 of the Shoals
 36246 | Shoals:2 | Reached XP level 20. HP: 124/134 MP: 17/20
 37281 | Shoals:3 | Received a gift from Trog
 38312 | Shoals:4 | Entered Level 4 of the Shoals
 38312 | Shoals:4 | Noticed Jorgrun
 38331 | Shoals:4 | Killed Jorgrun
 38341 | Shoals:4 | Received a gift from Trog
 38468 | Shoals:4 | Identified a +3 rod of inaccuracy (13/13) (You found it on level 4 of the Shoals)
 38527 | Shoals:4 | Noticed Louise
 39217 | Shoals:4 | Killed Louise
 39238 | Shoals:4 | Noticed Ilsuiw
 39256 | Shoals:4 | Killed Ilsuiw
 39601 | Shoals:4 | Received a gift from Trog
 39628 | Shoals:4 | Got a barnacled rune of Zot
 40495 | D:12     | Identified a scroll of acquirement
 40505 | D:12     | Got an ichor-stained hat
 40516 | D:12     | Identified the +0 hat of Dishonour {rPois Str-3 Int+5 SInv} (You acquired it on level 12 of the Dungeon)
 41062 | D:13     | Found a frozen archway.
 41068 | D:13     | Received a gift from Trog
 41097 | IceCv    | Entered an ice cave
 41564 | D:13     | Found a basalt altar of Yredelemnul.
 41941 | D:14     | Reached XP level 21. HP: 140/140 MP: 21/21
 41981 | D:14     | Found an iron altar of Okawaru.
 41986 | D:14     | Got an ancient hand axe
 41987 | D:14     | Identified the +3 hand axe of Xemo {drain, *Confuse +Inv Int+10} (You found it on level 14 of the Dungeon)
 42168 | D:14     | Reached skill level 20 in Axes
 42440 | D:14     | Found a gate to the Vaults.
 42494 | D:14     | Received a gift from Trog
 42522 | Vaults:1 | Entered Level 1 of the Vaults
 42589 | Vaults:1 | Got a dazzling scale mail
 42641 | Vaults:1 | Identified the +2 scale mail of Liberalism {-Cast rN++} (You found it on level 1 of the Vaults)
 43397 | Vaults:1 | Received a gift from Trog
 43770 | Vaults:2 | Noticed Margery
 43797 | Vaults:2 | Killed Margery
 43898 | Vaults:2 | Received a gift from Trog
 43967 | Vaults:2 | Got a jewelled broad axe {god gift}
 43968 | Vaults:2 | Identified the +3 broad axe "Wuatiseub" {chop, Str+2 Stlth+} (Trog gifted it to you on level 2 of the Vaults)
 44525 | Vaults:2 | Found a staircase to the Crypt.
 44893 | Vaults:2 | Reached XP level 22. HP: 148/148 MP: 22/22
 45834 | Vaults:3 | Reached skill level 21 in Axes
 45900 | Vaults:3 | Received a gift from Trog
 46938 | Vaults:3 | Cast into the Abyss (vault warden)
 47094 | Abyss:1  | Gained mutation: You tend to lose your temper in combat. [a neqoxec]
 47397 | Abyss:2  | Received a gift from Trog
 47463 | Abyss:3  | Found a corrupted altar of Lugonu.
 47463 | Abyss:3  | Found a corrupted altar of Lugonu.
 48284 | Abyss:3  | Gained mutation: Your magical capacity is low (-10% MP). [a neqoxec]
 48368 | Abyss:3  | Got an abyssal rune of Zot
 48460 | Abyss:3  | Found a corrupted altar of Lugonu.
 48492 | Abyss:3  | Found a corrupted altar of Lugonu.
 48495 | Abyss:3  | Gained mutation: You expend magic power (3 MP) to strengthen your wands. [a neqoxec]
 48725 | Abyss:4  | Reached XP level 23. HP: 137/155 MP: 13/18
 48742 | Vaults:3 | Escaped the Abyss
 48756 | Vaults:3 | Received a gift from Trog
 49197 | Vaults:4 | Gained mutation: Scrolls take you a little longer to read. [mutagenic meat]
 49198 | Vaults:4 | Gained mutation: You regenerate slowly when monsters are visible. [mutagenic meat]
 49419 | Vaults:4 | Received a gift from Trog
 49440 | Vaults:4 | Found a flickering gateway to a bazaar.
 49450 | Bazaar   | Entered a bazaar
 49450 | Bazaar   | Found Jafeopp's Weapon Shoppe.
 49450 | Bazaar   | Found Voghoit's Armour Shop.
 49452 | Bazaar   | Found Tuhym's Jewellery Shoppe.
 49452 | Bazaar   | Found Cuow's Jewellery Boutique.
 49508 | Bazaar   | Bought an uncursed amulet of resist corrosion for 220 gold pieces
 49693 | Vaults:4 | Got a pair of translucent gloves
 49704 | Vaults:4 | Identified the +2 pair of gloves of Ajaynok {rN+ Dex+5} (You found it on level 4 of the Vaults)
 49898 | Vaults:4 | Reached skill level 22 in Axes
 49937 | Vaults:4 | Gained mutation: Your muscles are strong. (Str +2) [mutagenic meat]
 49938 | Vaults:4 | Gained mutation: You are partially covered in rough black scales (AC +4, Dex -1). [mutagenic meat]
 49943 | Vaults:4 | Lost mutation: Scrolls take you a little longer to read. [mutagenic meat]
 50094 | Vaults:4 | Received a gift from Trog
 50803 | Vaults:5 | Entered Level 5 of the Vaults
 50914 | Vaults:5 | Noticed Draxdyn's ghost (veteran GrFi)
 50936 | Vaults:5 | Reached XP level 24. HP: 149/163 MP: 14/20
 50948 | Vaults:5 | Received a gift from Trog
 51031 | Vaults:5 | Killed Draxdyn's ghost
 51541 | Vaults:5 | Received a gift from Trog
 51928 | Vaults:5 | Reached skill level 23 in Axes
 52217 | Vaults:5 | Got a heavily runed bone ring
 52254 | Vaults:5 | Identified the ring of the Crown {rPois rC+ Int+6} (You took it off a yaktaur on level 5 of the Vaults)
 52277 | Vaults:5 | Gained mutation: You are surrounded by a mild repulsion field (EV +2). [mutagenic meat]
 52355 | Vaults:5 | Got a silver rune of Zot
 52469 | Vaults:5 | Identified the Incunabulum of Talismans
 52808 | Vaults:5 | Got an ancient helmet
 52819 | Vaults:5 | Identified the cursed -1 helmet of the Undertaker {MP-9 Int+8 Stlth+} (You found it on level 5 of the Vaults)
 54332 | Crypt:1  | Entered Level 1 of the Crypt
 54436 | Crypt:1  | Reached XP level 25. HP: 165/169 MP: 20/20
 54913 | Crypt:1  | Received a gift from Trog
 56274 | Crypt:3  | Entered Level 3 of the Crypt
 56581 | Crypt:3  | Found an ancient bone altar of Kikubaaqudgha.
 57253 | Crypt:3  | Found a staircase to the Tomb.
 57316 | Tomb:1   | Entered Level 1 of the Tomb of the Ancients
 57678 | Tomb:1   | Noticed a greater mummy
 57699 | Tomb:1   | Killed a greater mummy
 57763 | Tomb:1   | Noticed a greater mummy
 58054 | Tomb:1   | Reached skill level 24 in Axes
 58131 | Tomb:1   | Killed a greater mummy
 58131 | Tomb:1   | Reached XP level 26. HP: 67/177 MP: 20/20
 58512 | Tomb:1   | Received a gift from Trog
 58619 | Tomb:2   | Noticed a greater mummy
 58619 | Tomb:2   | Noticed a greater mummy
 58620 | Tomb:2   | Noticed a greater mummy
 58621 | Tomb:2   | Noticed a greater mummy
 59685 | D:15     | Entered Level 15 of the Dungeon
 59767 | D:15     | Found a shadowy altar of Dithmenos.
 60015 | D:15     | Lost mutation: You regenerate slowly when monsters are visible. [mutagenic meat]
 60017 | D:15     | Lost mutation: Your magical capacity is low (-10% MP). [mutagenic meat]
 60018 | D:15     | Gained mutation: Your spells are a little harder to cast, but a little more powerful. [mutagenic meat]
 60153 | D:15     | Found a staircase to the Depths.
 60622 | Depths:1 | Entered Level 1 of the Depths
 60632 | Depths:1 | Noticed Sojobo
 60657 | Depths:1 | Killed Sojobo
 60698 | Depths:1 | Noticed Saint Roka
 60699 | Depths:1 | Found a shattered altar of Ashenzari.
 60716 | Depths:1 | Killed Saint Roka
 60729 | Depths:1 | Received a gift from Trog
 60760 | Depths:1 | Noticed Norris
 60788 | Depths:1 | Killed Norris
 60959 | Depths:1 | Found a gateway to Hell.
 61179 | Depths:1 | Received a gift from Trog
 61921 | Depths:2 | Found Ybridghos's Jewellery Shop.
 61935 | Depths:2 | Bought the ring "Fikarul" {rC+ rN+ Dex+2} for 606 gold pieces
 62379 | Depths:2 | Received a gift from Trog
 62591 | Depths:2 | Got a faintly glowing amber ring
 62743 | Depths:2 | Gained mutation: You are dopey. (Int -2) [a cacodemon]
 62744 | Depths:2 | Reached XP level 27. HP: 184/184 MP: 23/23
 62754 | Depths:2 | Received a gift from Trog
 63239 | Depths:4 | Identified the ring "Rast" {rC+ Str+3} (You found it on level 2 of the Depths)
 63424 | Depths:3 | Reached skill level 25 in Axes
 63616 | Depths:3 | Found a basalt altar of Yredelemnul.
 63627 | Depths:3 | Received a gift from Trog
 64127 | Depths:3 | Received a gift from Trog
 64143 | Depths:3 | Got a crystal broad axe {god gift}
 64144 | Depths:3 | Identified the +1 broad axe of Killer Klown's Curse {flame, rPois rF++ rC+} (Trog gifted it to you on level 3 of the Depths)
 64162 | Depths:3 | Got a clouded lead ring
 64172 | Depths:3 | Found an opulent altar of Gozag.
 64318 | Depths:3 | Found a shimmering altar of Xom.
 64559 | Depths:3 | Found a white marble altar of Elyvilon.
 64560 | Depths:3 | Found a one-way gate leading to the halls of Pandemonium.
 64572 | Pan      | Entered Pandemonium
 64740 | Pan      | Found an exit through the horrors of the Abyss.
 64773 | Pan      | Noticed Uddasipi the pandemonium lord
 64861 | Pan      | Killed Uddasipi the pandemonium lord
 64867 | Pan      | Got a demonic rune of Zot
 65046 | Pan      | Found an exit through the horrors of the Abyss.
 65216 | Pan      | Received a gift from Trog
 65340 | Pan      | Noticed emiel's ghost (legendary OpGl)
 65352 | Pan      | Noticed Zonly the pandemonium lord
 65368 | Pan      | Killed Zonly the pandemonium lord
 65419 | Pan      | Killed emiel's ghost
 65831 | Pan      | Gained mutation: You often lose your temper in combat. [a cacodemon]
 66668 | Pan      | Gained mutation: You are very dopey. (Int -4) [a cacodemon]
 66680 | Pan      | Noticed Tufevvap the pandemonium lord
 66779 | Pan      | Received a gift from Trog
 66839 | Pan      | Killed Tufevvap the pandemonium lord
 66961 | Pan      | Reached skill level 26 in Axes
 67246 | Pan      | Found an exit through the horrors of the Abyss.
 67356 | Pan      | Lost intelligence.
 67363 | Pan      | Gained mutation: You are frail (-10% HP). [a neqoxec]
 67684 | Pan      | Found an exit through the horrors of the Abyss.
 67738 | Pan      | Gained mutation: Your body sometimes deteriorates upon taking damage. [a neqoxec]
 67740 | Pan      | Gained mutation: Scrolls take you a little longer to read. [a neqoxec]
 67741 | Pan      | Gained mutation: You have an uncontrollable temper. [a neqoxec]
 67816 | Pan      | Took an exit into the Abyss.
 67816 | Abyss:1  | Escaped into the Abyss
 67833 | Depths:3 | Escaped the Abyss
 67849 | Depths:3 | Identified the ring "Gaar" {Wiz *Confuse rElec rPois Str+4} (You found it on level 3 of the Depths)
 67923 | Depths:4 | Received a gift from Trog
 67938 | Depths:4 | Got a twisted war axe {god gift}
 67939 | Depths:4 | Identified the +13 war axe "Owi Gon" {freeze, +Inv MR- Int+9} (Trog gifted it to you on level 4 of the Depths)
 68198 | Depths:4 | Found a one-way gate to the infinite horrors of the Abyss.
 68353 | Depths:4 | Found a gateway to a ziggurat.
 68601 | Depths:4 | Found a glowing golden altar of the Shining One.
 68804 | Depths:4 | Noticed the Enchantress
 68817 | Depths:4 | Received a gift from Trog
 68824 | Depths:4 | Killed the Enchantress
 69031 | Depths:5 | Entered Level 5 of the Depths
 69054 | Depths:5 | Found a corrupted altar of Lugonu.
 69124 | Depths:5 | Noticed a juggernaut
 69142 | Depths:5 | Killed a juggernaut
 69571 | Depths:5 | Received a gift from Trog
 69597 | Depths:5 | Lost mutation: Your muscles are strong. (Str +2) [mutagenic meat]
 69719 | Depths:5 | Found a burning altar of Makhleb.
 69912 | Depths:5 | Identified Lyxastrata's Papyrus of Warped Summoning
 69952 | Depths:5 | Found a gate to the Realm of Zot.
 70224 | Zot:1    | Entered Level 1 of the Realm of Zot
 70515 | Zot:1    | Received a gift from Trog
 70771 | Zot:1    | Reached skill level 27 in Axes
 71648 | Zot:1    | Lost mutation: You are agile. (Dex +2) [mutagenic meat]
 71689 | Zot:1    | Lost mutation: You expend magic power (3 MP) to strengthen your wands. [mutagenic meat]
 71875 | Zot:1    | Received a gift from Trog
 72071 | Zot:1    | Lost mutation: You are resistant to hostile enchantments. [mutagenic meat]
 72075 | Zot:1    | Lost mutation: You are very dopey. (Int -4) [mutagenic meat]
 72077 | Zot:1    | Lost mutation: Armour fits poorly on your strangely shaped body. [mutagenic meat]
 72078 | Zot:1    | Gained mutation: Your magical capacity is low (-10% MP). [mutagenic meat]
 72084 | Zot:1    | Found a corrupted altar of Lugonu.
 72603 | Zot:2    | Gained mutation: Your body often deteriorates upon taking damage. [mutagenic glow]
 72635 | Zot:2    | Lost mutation: Your spells are a little harder to cast, but a little more powerful. [mutagenic glow]
 73933 | Zot:4    | Received a gift from Trog
 74869 | Zot:4    | Received a gift from Trog
 74883 | Zot:4    | Noticed an orb of fire
 74902 | Zot:4    | Killed an orb of fire
 75224 | Zot:4    | Noticed an orb of fire
 75238 | Zot:4    | Killed an orb of fire
 75452 | Zot:5    | Entered Level 5 of the Realm of Zot
 76247 | Zot:5    | Noticed an orb of fire
 76252 | Zot:5    | Gained mutation: Your spells are a little easier to cast, but a little less powerful. [an orb of fire]
 76267 | Zot:5    | Killed an orb of fire
 76267 | Zot:5    | Reached skill level 27 in Shields
 76268 | Zot:5    | Lost mutation: Your body often deteriorates upon taking damage. [potion of cure mutation]
 76268 | Zot:5    | Lost mutation: You are partially covered in rough black scales (AC +4, Dex -1). [potion of cure mutation]
 76268 | Zot:5    | Lost mutation: Your magical capacity is low (-10% MP). [potion of cure mutation]
 76268 | Zot:5    | Lost mutation: You are frail (-10% HP). [potion of cure mutation]
 76268 | Zot:5    | Lost mutation: You are dopey. (Int -2) [potion of cure mutation]
 76268 | Zot:5    | Lost mutation: Your body sometimes deteriorates upon taking damage. [potion of cure mutation]
 76376 | Zot:5    | Noticed an orb of fire
 76379 | Zot:5    | Noticed an orb of fire
 76387 | Zot:5    | Received a gift from Trog
 76396 | Zot:5    | Noticed an orb of fire
 76397 | Zot:5    | Killed an orb of fire
 76406 | Zot:5    | Killed an orb of fire
 76419 | Zot:5    | Noticed an orb of fire
 76419 | Zot:5    | Killed an orb of fire
 76457 | Zot:5    | Killed an orb of fire
 76487 | Zot:5    | Noticed an orb of fire
 76510 | Zot:5    | Killed an orb of fire
 77014 | Zot:5    | Noticed an ancient lich
 77023 | Zot:5    | Killed an ancient lich
 77043 | Zot:5    | Reached skill level 27 in Fighting
 77055 | Zot:5    | Noticed an ancient lich
 77247 | Zot:5    | Reached skill level 27 in Armour
 77247 | Zot:5    | Reached skill level 1 in Dodging
 77602 | Zot:5    | Killed an ancient lich
 77614 | Zot:5    | Noticed an orb of fire
 77617 | Zot:5    | Noticed an orb of fire
 77628 | Zot:5    | Killed an orb of fire
 77628 | Zot:5    | Reached skill level 5 in Dodging
 77644 | Zot:5    | Killed an orb of fire
 77725 | Zot:5    | Noticed an ancient lich
 77725 | Zot:5    | Noticed an orb of fire
 77734 | Zot:5    | Killed an ancient lich
 77737 | Zot:5    | Noticed an orb of fire
 77743 | Zot:5    | Killed an orb of fire
 77754 | Zot:5    | Killed an orb of fire
 77801 | Zot:5    | Noticed an ancient lich
 78319 | Depths:5 | Reached skill level 10 in Dodging
 78523 | Depths:2 | Received a gift from Trog
 79868 | Zot:5    | Killed an ancient lich
 79892 | Zot:5    | Got the Orb of Zot
 80038 | Zot:4    | Noticed Anuonuq the pandemonium lord
 80049 | Zot:4    | Killed Anuonuq the pandemonium lord
 80590 | D:13     | Noticed Cubuotzeofe the pandemonium lord
 80614 | D:13     | Killed Cubuotzeofe the pandemonium lord
 80905 | D:5      | Noticed Qixauvot the pandemonium lord
 80925 | D:5      | Killed Qixauvot the pandemonium lord
 81020 | D:$      | Escaped with the Orb!

Action                   |  1- 3 |  4- 6 |  7- 9 | 10-12 | 13-15 | 16-18 | 19-21 | 22-24 | 25-27 || total
-------------------------+-------+-------+-------+-------+-------+-------+-------+-------+-------++-------
Melee: War axe           |   121 |   212 |   413 |  1110 |  1234 |  1094 |  1917 |  1552 |   689 ||  8342
       Broad axe         |       |       |       |       |       |       |    14 |       |  3854 ||  3868
Invok: Burn Spellbooks   |       |       |     1 |     2 |     1 |     5 |     5 |     2 |     9 ||    25
       Berserk           |       |       |       |    12 |     7 |    14 |    14 |     9 |    18 ||    74
       Trog's Hand       |       |       |       |     1 |     2 |     1 |     1 |     8 |    15 ||    28
       Brothers in Arms  |       |       |       |     1 |     1 |     5 |       |     4 |     1 ||    12
 Abil: Fly               |       |       |       |       |       |       |     2 |     2 |     2 ||     6
       Stop Flying       |       |       |       |       |       |       |     2 |     2 |     2 ||     6
Evoke: Wand              |       |       |       |     1 |       |       |     2 |     2 |     1 ||     6
  Use: Scroll            |       |       |     8 |    15 |     9 |    20 |    14 |    17 |    26 ||   109
       Potion            |       |       |     1 |    15 |     2 |     1 |     1 |     2 |     8 ||    30
 Stab: Petrifying        |       |       |       |       |       |       |       |       |     2 ||     2
  Eat: Fruit             |     1 |     2 |     3 |     2 |       |     6 |    11 |       |     8 ||    33
       Chunk             |       |     2 |    10 |    12 |    10 |     8 |     2 |    20 |    92 ||   156
       Meat ration       |       |     1 |       |       |     3 |     4 |     7 |     3 |    10 ||    28
       Bread ration      |       |       |       |     4 |     2 |     3 |     3 |     3 |     8 ||    23
       Pizza             |       |       |       |     7 |     1 |     2 |       |       |     2 ||    12
       Beef jerky        |       |       |       |       |     1 |       |       |    11 |     4 ||    16
       Royal jelly       |       |       |       |       |       |       |       |     3 |     6 ||     9
